Map: Concord LE

Players

Toasted - Winner!

  • Race: Protoss Protoss
  • League: Diamond

NexTTime - Winner!

  • Race: Terran Terran

TheJoker - Winner!

  • Race: Zerg Zerg

ArAyA - Winner!

  • Race: Terran Terran

LesorubLive

  • Race: Zerg Zerg
  • League: Master

TacticalPing

  • Race: Zerg Zerg

becks

  • Race: Terran Terran

Deny

  • Race: Protoss Protoss
  • League: Master

VOD

Have the link to the VOD?

Description

Time

  • Played on: Sept. 7, 2026, 7:02 a.m.
  • Length: 15:12
Show
View Real Time Build Order
Export as new Build Order

Toasted Protoss - Winner!

Build Orders: Mass Phoenix 

Get SALT Encoding   

  8  0:00  Probe  
  9  0:12  Probe  
  10  0:24  Pylon  
  10  0:29  Probe (Chrono Boost)  
  11  0:39  Probe (Chrono Boost)  
  12  0:44  Probe (Chrono Boost)  
  13  0:56  Probe  
  14  1:08  Probe  
  15  1:20  Probe  
  16  1:29  Nexus  
  17  1:32  Probe  
  17  1:45  Gateway  
  17  1:47  Probe (Chrono Boost)  
  17  1:53  Assimilator  
  18  1:57  Probe (Chrono Boost)  
  19  2:02  Probe (Chrono Boost)  
  19  2:07  Assimilator  
  20  2:12  Pylon  
  20  2:15  Probe (Chrono Boost)  
  21  2:32  Probe (Chrono Boost)  
  21  2:35  Cybernetics Core  
  21  2:37  Probe (Chrono Boost)  
  23  2:44  Probe  
  23  2:47  Probe  
  25  2:56  Probe (Chrono Boost)  
  26  3:05  Probe (Chrono Boost)  
  27  3:08  Probe (Chrono Boost)  
  29  3:12  Probe (Chrono Boost)  
  29  3:13  Probe (Chrono Boost)  
  29  3:16  Stargate  
  30  3:20  Stargate  
  30  3:22  Probe  
  30  3:24  Probe  
  32  3:35  Probe (Chrono Boost)  
  32  3:40  Probe (Chrono Boost)  
  34  3:45  Assimilator  
  34  3:47  Probe (Chrono Boost)  
  35  3:52  Probe x2 (Chrono Boost)  
  37  3:59  Forge  
  37  4:00  Pylon  
  37  4:01  Probe  
  38  4:04  Phoenix  
  38  4:05  Phoenix  
  42  4:16  Pylon  
  42  4:18  Probe  
  42  4:19  Probe, Assimilator  
  44  4:29  Phoenix  
  44  4:30  Phoenix  
  44  4:31  Probe  
  49  4:37  Photon Cannon  
  49  4:41  Photon Cannon  
  49  4:43  Probe  
  49  4:44  Probe  
  51  4:50  Pylon  
  51  4:54  Phoenix (Chrono Boost)  
  51  4:59  Phoenix (Chrono Boost)  
  55  5:09  Probe  
  55  5:11  Probe  
  57  5:19  Nexus  
  57  5:24  Phoenix  
  59  5:29  Phoenix  
  59  5:34  Pylon  
  61  5:39  Probe x2, Pylon  
  63  5:51  Probe  
  63  5:52  Fleet Beacon  
  63  5:56  Phoenix  
  66  6:03  Phoenix  
  68  6:09  Probe  
  69  6:22  Phoenix (Chrono Boost)  
  71  6:29  Probe, Phoenix (Chrono Boost)  
  71  6:31  Probe  
  71  6:32  Probe  
  76  6:35  Anion Pulse-Crystals (Chrono Boost), Assimilator  
  76  6:39  Assimilator  
  76  6:41  Probe, Phoenix (Chrono Boost)  
  76  6:44  Probe  
  76  6:45  Phoenix (Chrono Boost)  
  82  6:47  Probe  
  82  6:52  Pylon  
  82  6:53  Probe  
  84  6:56  Probe  
  84  6:59  Probe  
  86  7:05  Probe  
  86  7:08  Probe  
  88  7:10  Phoenix  
  88  7:11  Probe  
  91  7:17  Phoenix, Probe  
  91  7:20  Probe  
  95  7:23  Probe  
  95  7:24  Photon Cannon  
  95  7:29  Probe  
  97  7:32  Probe  
  97  7:35  Phoenix  
  97  7:36  Probe  
  101  7:41  Probe  
  102  7:44  Probe  
  103  8:16  Protoss Air Weapons Level 1 (Chrono Boost)  
  103  8:30  Nexus  
  103  8:36  Pylon  
  103  8:39  Pylon  
  102  8:41  Probe  
  102  8:42  Phoenix (Chrono Boost)  
  102  8:43  Phoenix (Chrono Boost), Stargate  
  102  8:53  Probe  
  103  8:59  Probe x2  
  103  9:00  Phoenix x2 (Chrono Boost)  
  109  9:04  Assimilator  
  109  9:05  Probe  
  110  9:10  Assimilator  
  110  9:11  Probe  
  110  9:12  Probe, Phoenix x2  
  110  9:13  Pylon  
  110  9:16  Pylon  
  112  9:17  Probe  
  112  9:19  Pylon  
  112  9:21  Stargate  
  112  9:22  Pylon  
  112  9:23  Probe  
  112  9:24  Probe  
  119  9:26  Phoenix  
  119  9:30  Phoenix x2  
  122  9:31  Probe  
  122  9:35  Shield Battery  
  122  9:36  Shield Battery  
  124  9:46  Phoenix  
  124  9:52  Phoenix x2  
  122  10:05  Phoenix  
  124  10:08  Probe  
  124  10:11  Phoenix  
  127  10:15  Photon Cannon x2  
  127  10:17  Phoenix x2  
  127  10:18  Photon Cannon  
  131  10:26  Photon Cannon  
  131  10:27  Photon Cannon  
  131  10:30  Phoenix, Photon Cannon  
  131  10:33  Photon Cannon  
  133  10:36  Phoenix  
  133  10:42  Phoenix x2  
  105  10:55  Phoenix  
  95  11:01  Phoenix  
  79  11:07  Phoenix x2  
  77  11:20  Phoenix (Chrono Boost)  
  77  11:22  Probe x3  
  77  11:24  Nexus  
  82  11:26  Photon Cannon, Phoenix (Chrono Boost)  
  82  11:27  Photon Cannon  
  82  11:28  Protoss Air Weapons Level 2 (Chrono Boost)  
  82  11:29  Photon Cannon  
  82  11:32  Phoenix (Chrono Boost)  
  88  11:33  Phoenix (Chrono Boost)  
  88  11:34  Probe x3  
  91  11:42  Phoenix (Chrono Boost)  
  91  11:45  Phoenix (Chrono Boost)  
  91  11:46  Probe x2  
  91  11:47  Probe  
  98  11:48  Shield Battery, Phoenix x2 (Chrono Boost)  
  98  11:49  Shield Battery  
  98  11:53  Shield Battery  
  96  11:55  Pylon  
  96  11:58  Probe x2  
  96  11:59  Probe  
  96  12:00  Phoenix (Chrono Boost)  
  93  12:07  Phoenix (Chrono Boost)  
  84  12:10  Probe  
  84  12:11  Probe x2  
  84  12:13  Phoenix (Chrono Boost)  
  84  12:19  Phoenix (Chrono Boost)  
  84  12:22  Phoenix (Chrono Boost)  
  82  12:28  Phoenix (Chrono Boost)  
  80  12:31  Phoenix (Chrono Boost)  
  107  12:37  Phoenix  
  74  12:39  Phoenix  
  78  12:45  Nexus, Probe x3  
  78  12:46  Phoenix  
  78  12:49  Pylon  
  83  12:57  Probe x2  
  83  12:58  Probe  
  88  13:04  Phoenix x2 (Chrono Boost)  
  92  13:09  Phoenix (Chrono Boost), Probe  
  92  13:10  Probe x2, Phoenix (Chrono Boost)  
  97  13:21  Probe  
  97  13:22  Probe x2, Phoenix (Chrono Boost)  
  97  13:24  Phoenix (Chrono Boost)  
  97  13:25  Phoenix  
  97  13:27  Phoenix  
  100  13:44  Phoenix  
  100  13:47  Phoenix  
  102  13:52  Phoenix x2  
  104  14:02  Assimilator  
  104  14:04  Pylon  
  104  14:06  Pylon  
  104  14:07  Pylon  
  104  14:09  Phoenix  
  102  14:12  Phoenix  
  104  14:17  Phoenix x2  
  104  14:34  Phoenix  
  96  14:40  Phoenix  
  96  14:42  Phoenix x2  
Show
View Real Time Build Order
Export as new Build Order

NexTTime Terran - Winner!

Build Orders: 2 Factory, Reaper Expand 

Get SALT Encoding   

  8  0:00  SCV  
  9  0:12  SCV  
  10  0:24  SCV  
  11  0:29  Supply Depot  
  11  0:39  SCV  
  12  0:51  SCV  
  12  0:56  Barracks  
  13  1:03  Refinery  
  13  1:07  SCV  
  14  1:19  SCV  
  15  1:31  SCV  
  16  1:43  Orbital Command  
  16  1:49  Reaper  
  17  2:03  Command Center  
  17  2:08  SCV  
  18  2:18  Supply Depot  
  18  2:21  SCV  
  19  2:32  Factory  
  19  2:33  SCV  
  20  2:45  SCV, Barracks Reactor  
  20  2:50  Refinery  
  21  2:57  SCV  
  22  3:09  SCV  
  24  3:20  Orbital Command  
  24  3:26  Factory  
  23  3:32  SCV  
  24  3:35  Hellion x2  
  28  3:46  SCV x2  
  29  3:56  Hellion x2  
  29  3:58  SCV x2  
  35  4:07  Supply Depot  
  35  4:10  SCV x2  
  35  4:11  Command Center  
  35  4:14  Factory Tech Lab  
  37  4:22  SCV  
  38  4:27  Hellion x2  
  42  4:34  SCV x2  
  42  4:37  Refinery  
  44  4:39  Supply Depot, Mag-Field Accelerator  
  44  4:43  Cyclone  
  47  4:46  SCV x2  
  49  4:57  Factory  
  49  5:01  Supply Depot, SCV x2  
  51  5:07  Refinery  
  51  5:13  SCV x2  
  53  5:16  Cyclone  
  56  5:23  Supply Depot  
  56  5:25  SCV  
  57  5:29  Armory  
  57  5:30  Armory  
  57  5:32  SCV  
  58  5:38  SCV  
  58  5:39  Hellion  
  58  5:40  Hellion  
  63  5:44  Factory Tech Lab  
  63  5:46  SCV  
  65  5:50  SCV  
  65  5:51  Orbital Command  
  65  5:58  SCV  
  65  5:59  Supply Depot  
  66  6:04  Cyclone  
  66  6:05  Hellion  
  66  6:08  Cyclone  
  66  6:09  SCV  
  75  6:12  Hellion  
  75  6:14  SCV  
  78  6:18  SCV  
  78  6:21  Supply Depot  
  78  6:24  SCV  
  80  6:26  SCV  
  80  6:27  Terran Vehicle Weapons Level 1, Terran Vehicle And Ship Armor Level 1  
  80  6:31  SCV  
  82  6:34  Supply Depot  
  82  6:35  Hellion  
  82  6:36  SCV  
  82  6:39  Factory  
  85  6:47  Factory  
  85  6:49  Supply Depot  
  85  6:50  Infernal Pre-Igniter  
  85  6:52  Cyclone  
  88  6:58  SCV x2  
  88  6:59  SCV  
  94  7:04  Hellion x2  
  98  7:10  SCV  
  99  7:17  SCV x2  
  99  7:20  Refinery  
  99  7:22  SCV  
  102  7:26  Thor x2  
  102  7:27  Factory Tech Lab  
  111  7:30  SCV x2  
  111  7:34  SCV, Command Center  
  114  7:37  Refinery  
  114  7:38  Supply Depot  
  114  7:42  SCV  
  115  7:47  Factory Tech Lab  
  115  7:52  Supply Depot  
  115  7:54  Supply Depot  
  115  7:59  Thor  
  121  8:07  SCV x3  
  120  8:14  Thor  
  120  8:15  Thor  
  120  8:19  SCV x3  
  125  8:21  Supply Depot  
  125  8:23  Engineering Bay  
  125  8:25  Terran Vehicle Weapons Level 2  
  125  8:27  Terran Vehicle And Ship Armor Level 2  
  125  8:31  SCV x2  
  109  8:42  Thor  
  109  8:48  Thor  
  121  8:54  SCV x3  
  124  8:59  Missile Turret  
  124  9:04  Missile Turret  
  124  9:08  Thor  
  130  9:10  Widow Mine  
  130  9:14  Thor  
  140  9:17  Hellion  
  140  9:22  Thor x3  
  140  9:23  SCV x3  
  143  9:27  Missile Turret  
  143  9:35  Missile Turret  
  143  9:47  Refinery  
  143  9:51  Thor x2, Refinery  
  143  9:52  Thor  
  152  9:54  Missile Turret  
  152  9:59  Missile Turret x3  
  152  10:02  Missile Turret  
  152  10:04  Thor  
  152  10:06  Hellion x2  
  160  10:10  Missile Turret  
  160  10:13  Supply Depot  
  160  10:14  Supply Depot  
  160  10:15  Missile Turret  
  160  10:16  SCV x3  
  160  10:18  Planetary Fortress  
  160  10:21  Missile Turret x2  
  163  10:31  Missile Turret  
  163  10:33  SCV  
  163  10:34  SCV x2  
  163  10:35  Hellion x3  
  172  10:36  Hellion  
  172  10:37  Supply Depot x2  
  172  10:41  Thor  
  172  10:42  Terran Vehicle Weapons Level 3  
  172  11:02  Thor  
  172  11:03  Thor  
  182  11:08  Hellion x2  
  186  11:16  Thor  
  192  11:19  SCV x4  
  192  11:24  Command Center  
  196  11:25  Command Center  
  196  11:26  Command Center  
  196  11:41  SCV  
  196  11:49  SCV  
  182  11:58  Thor x3  
  189  12:05  Terran Vehicle And Ship Armor Level 3  
  189  12:06  Factory  
  189  12:08  Factory  
  189  12:10  Factory  
  189  12:14  Thor  
  189  12:15  Hellion x2  
  177  12:41  Thor x3  
  194  13:05  SCV x3  
  185  13:16  Factory Tech Lab x3  
  185  13:17  SCV x2  
  185  13:18  SCV  
  170  13:20  Thor  
  170  13:24  Thor x2  
  188  13:28  Planetary Fortress  
  188  13:29  SCV  
  188  13:30  SCV x2  
  183  13:41  Thor, SCV  
  183  13:42  SCV x2  
  180  13:48  Thor  
  180  13:54  SCV x3  
  189  13:56  Refinery  
  189  14:01  Command Center  
  189  14:02  Command Center  
  189  14:04  Command Center  
  189  14:06  SCV x3  
  192  14:18  SCV  
  199  15:03  Refinery  
  199  15:06  Missile Turret  
  199  15:07  Refinery  
  199  15:08  Missile Turret x2  
  199  15:11  Missile Turret  
  199  15:12  Missile Turret x2  
Show
View Real Time Build Order
Export as new Build Order

TheJoker Zerg - Winner!

Build Orders: Hatch First, Lurkers, Swarm Host 

Get SALT Encoding   

  8  0:01  Drone  
  9  0:12  Drone  
  10  0:19  Drone  
  11  0:39  Overlord  
  11  0:40  Drone  
  12  1:00  Drone x3  
  15  1:19  Drone  
  15  1:22  Hatchery  
  15  1:23  Drone  
  16  1:28  Extractor  
  16  1:30  Drone  
  16  1:40  Drone  
  17  1:50  Drone  
  18  1:54  Spawning Pool  
  18  2:00  Drone  
  18  2:10  Extractor  
  18  2:14  Drone  
  18  2:22  Overlord  
  18  2:35  Drone x2  
  20  2:43  Metabolic Boost  
  20  2:45  Queen  
  22  2:51  Lair  
  22  2:55  Drone  
  23  3:00  Zergling x2  
  24  3:06  Drone x2  
  28  3:20  Zergling x6  
  29  3:27  Drone x3  
  32  3:39  Overlord  
  32  3:49  Spore Crawler  
  32  3:53  Spore Crawler  
  32  3:54  Zergling x4  
  32  3:58  Overseer  
  32  4:02  Overseer  
  32  4:04  Overlord  
  32  4:07  Drone x3  
  35  4:14  Extractor  
  34  4:27  Zergling x12  
  40  4:37  Drone x2  
  42  4:41  Baneling Nest  
  42  4:43  Drone x3  
  44  4:51  Drone x2  
  46  4:57  Queen  
  48  5:09  Infestation Pit  
  48  5:11  Nydus Network  
  46  5:14  Drone  
  46  5:19  Drone  
  46  5:20  Extractor  
  47  5:31  Centrifugal Hooks  
  47  5:33  Baneling x3  
  47  5:34  Baneling x6  
  47  5:40  Overlord  
  47  5:58  Hatchery  
  47  6:04  Swarm Host x2  
  46  6:07  Drone  
  53  6:20  Drone  
  53  6:21  Drone x2  
  56  6:45  Overlord x3  
  56  6:51  Hive  
  56  7:00  Overlord  
  56  7:01  Overlord  
  56  7:04  Swarm Host x4  
  68  7:09  Nydus Canal  
  68  7:15  Drone x3  
  70  7:16  Drone  
  72  7:51  Nydus Canal  
  72  7:58  Drone x6  
  77  7:59  Drone x6  
  84  8:11  Nydus Canal  
  84  8:13  Drone  
  84  8:14  Drone x2  
  84  8:16  Spore Crawler  
  86  8:35  Extractor x2  
  84  8:45  Nydus Canal  
  84  8:58  Ultralisk Cavern  
  84  8:59  Drone x6  
  84  9:00  Drone x4  
  93  9:07  Queen  
  95  9:12  Nydus Canal  
  95  9:22  Drone x3  
  95  9:23  Drone x2  
  100  9:28  Evolution Chamber  
  100  9:29  Evolution Chamber  
  96  9:33  Hydralisk Den  
  96  9:36  Hatchery, Evolution Chamber  
  93  9:40  Nydus Canal  
  83  9:48  Zergling x8  
  83  9:49  Zergling x10  
  92  10:09  Overlord x3  
  92  10:10  Overlord  
  92  10:12  Zerg Missile Weapons Level 1  
  92  10:15  Zerg Ground Armor Level 1, Zerg Melee Weapons Level 1  
  92  10:17  Anabolic Synthesis  
  92  10:23  Lurker Den  
  92  10:24  Drone  
  92  10:32  Zergling x2  
  92  10:33  Zergling x14, Ultralisk x4  
  124  10:36  Baneling x2  
  124  10:37  Baneling x7  
  124  10:38  Baneling x4  
  121  11:00  Chitinous Plating  
  121  11:02  Zergling x8  
  121  11:03  Zergling x4  
  127  11:08  Overlord x3  
  124  11:38  Seismic Spines  
  117  11:51  Hatchery  
  107  11:57  Zergling x4  
  107  11:58  Zergling x14, Ultralisk x5  
  107  11:59  Zergling x2  
  146  12:07  Hydralisk x2  
  146  12:08  Hydralisk x3  
  130  12:35  Drone x5, Adaptive Talons  
  130  12:36  Drone x3  
  135  12:39  Hydralisk  
  135  12:41  Muscular Augments  
  137  13:11  Hydralisk x2, Zergling x6  
  144  13:13  Overlord x3  
  144  13:14  Overlord  
  144  13:19  Overlord x3  
  143  13:20  Overlord  
  138  13:28  Zergling x8  
  138  13:29  Zergling x4  
  143  13:35  Lurker x3  
  143  13:36  Lurker x3  
  143  13:39  Zergling x12, Ultralisk  
  143  13:40  Zergling x4, Ultralisk  
  166  13:45  Drone, Grooved Spines  
  166  13:46  Drone x4  
  171  13:56  Nydus Canal  
  169  14:23  Nydus Canal  
  169  14:30  Hydralisk x2  
  169  14:31  Zergling x14, Hydralisk x5  
  177  14:32  Zergling x6  
  192  15:04  Nydus Canal  
Show
View Real Time Build Order
Export as new Build Order

ArAyA Terran - Winner!

Build Orders: Reaper Expand, Mech 

Get SALT Encoding   

  8  0:00  SCV  
  9  0:12  SCV  
  10  0:24  SCV  
  11  0:34  Supply Depot  
  11  0:36  SCV  
  12  0:48  SCV  
  13  0:58  Barracks  
  13  1:01  SCV  
  14  1:10  Refinery  
  14  1:13  SCV  
  15  1:25  SCV  
  16  1:38  SCV  
  17  1:52  Reaper  
  17  1:53  Orbital Command  
  18  2:12  Command Center  
  18  2:19  Supply Depot  
  18  2:20  SCV  
  19  2:32  SCV  
  19  2:35  Factory  
  20  2:49  SCV  
  21  3:03  SCV  
  21  3:13  Command Center  
  21  3:15  SCV  
  22  3:24  Factory Tech Lab  
  21  3:27  Refinery, SCV  
  21  3:33  Orbital Command  
  22  3:39  SCV  
  23  3:44  Siege Tank  
  26  3:52  SCV  
  27  4:02  SCV  
  28  4:04  SCV  
  28  4:07  Refinery, Factory  
  28  4:08  Refinery  
  29  4:14  SCV  
  29  4:16  SCV  
  31  4:17  Engineering Bay  
  31  4:26  SCV  
  31  4:28  Orbital Command  
  31  4:30  SCV  
  33  4:38  SCV  
  34  4:42  SCV  
  35  4:46  Missile Turret  
  35  4:50  Missile Turret, SCV  
  36  4:54  Factory Tech Lab  
  36  4:59  Factory  
  36  5:10  SCV x3  
  39  5:16  Cyclone  
  39  5:21  Cyclone  
  45  5:23  SCV  
  45  5:26  SCV  
  45  5:27  SCV  
  48  5:34  Supply Depot  
  48  5:35  SCV  
  48  5:38  SCV  
  50  5:43  Missile Turret  
  50  5:46  SCV  
  50  5:47  Missile Turret, SCV  
  52  5:50  SCV  
  52  5:51  Missile Turret  
  52  5:52  Mag-Field Accelerator  
  52  5:55  Infernal Pre-Igniter  
  53  5:57  Factory Reactor  
  53  5:58  SCV  
  53  6:00  SCV  
  54  6:07  SCV  
  54  6:09  Cyclone  
  54  6:10  Cyclone, SCV  
  62  6:12  SCV  
  62  6:17  Armory  
  63  6:22  Armory  
  63  6:24  Supply Depot  
  63  6:28  Supply Depot, SCV x2  
  63  6:30  Supply Depot  
  63  6:32  SCV  
  66  6:54  Supply Depot  
  66  7:05  Terran Vehicle Weapons Level 1  
  66  7:06  Factory  
  66  7:08  Factory  
  66  7:10  Terran Vehicle And Ship Armor Level 1  
  66  7:11  SCV x3  
  69  7:16  Supply Depot  
  69  7:18  Supply Depot  
  69  7:21  Command Center  
  69  7:23  SCV  
  70  7:32  Thor  
  70  7:33  Thor  
  82  7:42  Refinery  
  82  7:44  Supply Depot  
  82  7:46  Refinery  
  82  7:47  Supply Depot  
  82  8:02  Factory Tech Lab x2  
  82  8:07  Widow Mine x2  
  82  8:08  SCV x3  
  89  8:15  Siege Tank  
  89  8:17  Missile Turret x2  
  92  8:20  SCV  
  92  8:21  Missile Turret  
  93  8:28  Factory  
  93  8:32  Factory  
  93  8:33  Missile Turret  
  93  8:34  Missile Turret  
  93  8:38  Missile Turret  
  93  8:42  Siege Tank x2  
  93  8:43  Siege Tank  
  102  8:54  Missile Turret  
  102  9:03  Planetary Fortress  
  102  9:12  Missile Turret x2  
  102  9:14  Missile Turret  
  102  9:18  Missile Turret  
  102  9:20  Missile Turret  
  102  9:23  Missile Turret, Terran Vehicle Weapons Level 2  
  102  9:27  Terran Vehicle And Ship Armor Level 2  
  102  9:28  Command Center  
  102  9:32  Drilling Claws, Smart Servos  
  83  9:39  Supply Depot  
  83  9:41  Supply Depot  
  71  9:58  Siege Tank x3  
  80  10:05  Siege Tank  
  80  10:06  Factory Tech Lab x2  
  83  10:13  Neosteel Armor  
  83  10:30  Siege Tank  
  86  10:40  Planetary Fortress  
  86  10:46  Refinery x2  
  86  10:48  Missile Turret  
  86  10:50  SCV x3  
  86  10:51  SCV, Missile Turret  
  86  10:52  Missile Turret  
  86  10:56  Supply Depot  
  90  10:58  Supply Depot, Thor x2  
  90  10:59  Hellion x3  
  108  11:16  Missile Turret  
  108  11:17  Missile Turret  
  108  11:18  Missile Turret x2  
  108  11:19  Missile Turret  
  108  11:25  SCV x2  
  110  11:26  SCV x2  
  112  11:40  Siege Tank  
  112  11:41  Siege Tank, Terran Vehicle Weapons Level 3  
  112  11:43  Terran Vehicle And Ship Armor Level 3  
  118  11:50  Supply Depot  
  118  11:53  Hi-Sec Auto Tracking  
  118  11:56  Cyclone x2  
  118  11:57  Hellion x4  
  132  12:13  Command Center  
  121  12:20  Missile Turret  
  121  12:22  Command Center  
  117  12:24  Missile Turret  
  117  12:28  Cyclone x2, Hellion x2  
  117  12:29  Hellion x3  
  124  12:39  Thor  
  130  12:44  SCV x4  
  130  12:45  SCV  
  130  12:49  Thor  
  130  12:50  Hellion x2, Cyclone x2  
  151  13:00  Siege Tank, Hellion  
  156  13:11  Hellion  
  158  13:17  Hellion  
  160  13:21  Siege Tank  
  160  13:22  Cyclone x2  
  160  13:23  Cyclone  
  172  13:32  Cyclone, Hellion  
  172  13:33  Cyclone  
  180  13:40  Planetary Fortress x2  
  180  13:45  Hellion  
  182  13:53  Cyclone  
  182  13:54  Hellion, Cyclone x2  
  182  13:55  Hellion  
  195  14:04  Hellion  
  169  14:32  Cyclone x3, Hellion x2  
Show
View Real Time Build Order
Export as new Build Order

LesorubLive Zerg 

Build Orders: Hatch First, Lurkers 

Get SALT Encoding   

  8  0:02  Drone  
  9  0:17  Drone  
  10  0:22  Drone  
  11  0:29  Overlord  
  11  0:35  Drone  
  12  0:48  Drone x2  
  14  0:57  Drone  
  15  1:08  Drone  
  16  1:18  Drone  
  17  1:23  Hatchery  
  16  1:28  Drone  
  17  1:38  Drone  
  18  1:44  Extractor  
  17  1:51  Drone  
  17  1:52  Spawning Pool  
  17  2:00  Drone  
  18  2:14  Drone  
  19  2:28  Drone  
  19  2:29  Overlord  
  20  2:38  Queen x2  
  24  2:56  Zergling x8  
  24  2:58  Drone x2  
  30  3:16  Drone x2  
  32  3:23  Overlord  
  32  3:25  Overlord  
  32  3:27  Metabolic Boost  
  32  3:30  Lair  
  32  3:52  Drone x8  
  32  3:53  Drone  
  41  3:56  Extractor  
  40  4:10  Drone x4  
  40  4:12  Spore Crawler  
  40  4:15  Spore Crawler, Drone  
  43  4:26  Drone x5  
  48  4:33  Hydralisk Den  
  47  4:39  Zergling x2  
  47  4:41  Overlord x2  
  48  4:52  Overlord x2  
  48  4:56  Extractor  
  47  5:02  Drone x3  
  47  5:04  Muscular Augments  
  51  5:07  Drone x2, Extractor  
  51  5:08  Overlord  
  51  5:10  Drone x2  
  53  5:30  Drone  
  53  5:31  Evolution Chamber x2  
  53  5:33  Drone  
  53  5:35  Hydralisk  
  53  5:36  Hydralisk x3  
  61  5:55  Overlord  
  61  5:56  Overlord  
  61  5:59  Drone x2  
  64  6:04  Drone  
  64  6:07  Nydus Network, Zerg Missile Weapons Level 1, Zerg Ground Armor Level 1  
  64  6:09  Grooved Spines  
  64  6:10  Overlord  
  63  6:12  Hydralisk x2  
  63  6:15  Drone x3  
  70  6:29  Spore Crawler, Infestation Pit  
  68  6:33  Spore Crawler  
  68  6:35  Spore Crawler  
  68  6:38  Spore Crawler  
  65  6:40  Drone  
  65  6:45  Hydralisk  
  65  6:46  Hydralisk  
  70  6:51  Overlord x2  
  70  6:54  Hatchery  
  69  7:00  Hydralisk x2  
  72  7:10  Hydralisk x3  
  78  7:16  Infestor  
  80  7:27  Hydralisk  
  80  7:28  Hydralisk x3  
  88  7:41  Spore Crawler  
  87  7:49  Hydralisk x4  
  94  7:52  Queen  
  88  8:06  Hydralisk  
  88  8:07  Hydralisk x4  
  98  8:31  Overlord x3  
  96  8:50  Nydus Canal  
  94  9:18  Zerg Missile Weapons Level 2, Zerg Ground Armor Level 2  
  94  9:24  Nydus Canal  
  94  9:28  Hydralisk x7  
  108  9:39  Nydus Canal  
  92  10:16  Drone  
  92  10:18  Hydralisk  
  92  10:19  Hydralisk x7  
  109  10:28  Hatchery  
  108  10:31  Infestor  
  110  11:03  Hatchery, Infestor  
  111  11:14  Drone  
  111  11:17  Overlord x6  
  112  11:20  Extractor  
  112  11:23  Spore Crawler  
  110  11:25  Spore Crawler x2  
  110  11:26  Spore Crawler, Extractor  
  110  11:29  Neural Parasite  
  110  11:31  Burrow  
  110  11:32  Drone x2  
  108  11:38  Infestor  
  108  11:39  Infestor  
  112  11:54  Drone x8  
  84  12:24  Drone x8  
  84  12:25  Lurker Den  
  91  12:30  Drone x2  
  91  12:31  Queen  
  95  12:40  Hydralisk  
  95  12:41  Hydralisk x5  
  107  12:54  Extractor  
  107  12:55  Hydralisk x2  
  107  12:56  Hydralisk x5  
  107  12:57  Extractor  
  119  13:02  Drone  
  120  13:06  Drone x6  
  120  13:12  Zerg Melee Weapons Level 1  
  126  13:16  Infestor  
  126  13:17  Infestor x2  
  132  13:27  Lurker x5  
  136  13:38  Hydralisk x4  
  136  13:39  Hydralisk  
  146  13:47  Infestor  
  146  13:48  Infestor x2  
  146  13:53  Hydralisk  
  146  13:54  Hydralisk x5  
  158  13:56  Infestor  
  158  14:00  Infestor x4  
  158  14:08  Lurker x5  
  163  14:12  Infestor x4  
  163  14:15  Hydralisk  
  163  14:16  Hydralisk  
  124  14:44  Hydralisk  
  124  14:45  Hydralisk x15  
Show
View Real Time Build Order
Export as new Build Order

TacticalPing Zerg 

Build Orders: Hatch First 

Get SALT Encoding   

  8  0:31  Overlord  
  8  0:32  Overlord  
  8  0:39  Overlord  
  8  0:47  Extractor, Drone  
  9  0:56  Drone  
  10  1:02  Drone  
  11  1:13  Drone  
  12  1:23  Drone  
  13  1:34  Drone  
  14  1:42  Hatchery  
  13  1:48  Drone  
  13  1:52  Drone  
  15  2:02  Drone  
  16  2:11  Spawning Pool  
  16  2:14  Drone  
  16  2:21  Drone  
  17  2:31  Extractor, Drone  
  17  2:41  Drone  
  18  2:56  Drone  
  18  2:58  Queen  
  21  2:59  Queen  
  21  3:02  Drone x2  
  25  3:10  Drone  
  26  3:17  Drone  
  26  3:18  Drone  
  28  3:27  Drone x2  
  30  3:38  Queen  
  30  3:39  Overlord  
  30  3:40  Drone  
  30  3:41  Drone  
  34  3:43  Metabolic Boost  
  34  3:51  Drone x2  
  36  3:57  Spore Crawler x2  
  36  3:58  Drone  
  35  4:06  Drone x2  
  35  4:07  Drone x2  
  35  4:09  Drone  
  40  4:24  Baneling Nest  
  40  4:25  Zergling x8  
  43  4:33  Zergling x2  
  44  4:44  Zergling x2  
  44  4:45  Zergling x6  
  48  4:49  Overlord x2  
  48  4:59  Spine Crawler  
  47  5:02  Spine Crawler x2  
  45  5:08  Spine Crawler, Baneling  
  45  5:09  Baneling x6  
  45  5:12  Baneling  
  44  5:15  Overlord  
  44  5:16  Zergling x12  
  50  5:34  Baneling x2  
  50  5:38  Extractor, Drone x6  
  55  5:51  Baneling x2  
  55  6:08  Drone x7  
  55  6:11  Extractor  
  61  6:12  Extractor, Overlord x2  
  61  6:17  Lair  
  60  6:32  Spore Crawler  
  59  6:33  Spore Crawler  
  59  6:34  Spore Crawler  
  59  6:35  Spore Crawler  
  59  6:36  Spore Crawler  
  59  6:37  Drone x4  
  60  6:40  Drone  
  60  6:50  Baneling x9  
  60  6:52  Zergling x2  
  60  6:53  Zergling x10  
  66  7:16  Centrifugal Hooks  
  66  7:17  Overseer  
  66  7:18  Spire  
  64  7:55  Nydus Network  
  64  7:56  Zergling x4  
  64  7:57  Zergling x12  
  70  8:22  Overlord x4  
  70  8:26  Drone x8  
  78  8:36  Nydus Canal  
  78  8:43  Zerg Flyer Weapons Level 1  
  76  9:07  Corruptor  
  76  9:08  Corruptor x7  
  92  9:13  Drone  
  93  9:31  Hatchery  
  93  9:32  Nydus Canal  
  93  9:33  Extractor  
  93  9:35  Extractor  
  90  9:43  Evolution Chamber  
  90  9:44  Evolution Chamber  
  88  9:50  Baneling x3  
  88  9:51  Baneling x4  
  88  9:53  Corruptor  
  88  9:54  Corruptor x2  
  88  9:56  Overlord x3  
  94  10:08  Drone x2  
  94  10:10  Zerg Melee Weapons Level 1, Zerg Ground Armor Level 1  
  96  10:14  Drone x2  
  86  10:43  Queen  
  86  10:45  Drone x7  
  89  11:05  Zerg Flyer Weapons Level 2  
  89  11:28  Corruptor  
  89  11:29  Corruptor x6  
  85  11:52  Zergling x20  
  85  11:53  Zergling x10  
  93  12:02  Infestation Pit  
  92  12:11  Drone x4  
  96  12:19  Baneling  
  96  12:20  Baneling x11  
  96  12:23  Corruptor x4  
  96  12:25  Hatchery, Extractor  
  96  12:28  Extractor  
  101  12:30  Nydus Canal  
  101  12:34  Baneling x5  
  101  12:35  Baneling x3  
  87  13:10  Zergling x26  
  100  13:20  Zergling x4  
Show
View Real Time Build Order
Export as new Build Order

becks Terran 

Build Orders:  

Get SALT Encoding   

  8  0:00  SCV  
  9  0:12  SCV  
  10  0:24  SCV  
  11  0:29  Supply Depot  
  11  0:36  SCV  
  12  0:48  SCV  
  13  1:01  SCV  
  14  1:13  SCV  
  14  1:16  Command Center  
  15  1:25  SCV  
  16  1:32  Barracks  
  16  1:37  SCV  
  17  1:46  Barracks  
  17  1:50  SCV  
  18  2:02  SCV  
  18  2:07  Barracks  
  19  2:14  SCV  
  20  2:19  Marine  
  21  2:26  Orbital Command  
  21  2:32  Orbital Command  
  21  2:35  Marine  
  22  2:37  Marine  
  23  2:50  Supply Depot  
  23  2:53  Marine  
  23  2:54  Marine  
  23  2:55  Marine  
  26  3:02  SCV  
  26  3:09  SCV  
  26  3:10  Marine  
  26  3:12  Marine  
  29  3:13  Marine  
  30  3:22  SCV x2  
  30  3:24  Supply Depot  
  32  3:28  Marine  
  32  3:30  Marine  
  32  3:31  Marine  
  35  3:34  SCV x2  
  37  3:43  Command Center  
  37  3:46  Marine, SCV  
  39  3:49  Supply Depot, SCV  
  39  3:50  Marine  
  39  3:53  Marine  
  42  3:58  Refinery, SCV  
  42  4:00  Refinery  
  42  4:01  SCV  
  44  4:05  Refinery x2  
  44  4:08  Marine x2  
  46  4:11  SCV  
  46  4:14  Supply Depot  
  46  4:15  SCV  
  48  4:23  SCV  
  49  4:29  SCV  
  50  4:32  Barracks Tech Lab  
  50  4:35  SCV  
  50  4:37  Engineering Bay  
  50  4:38  Engineering Bay, Barracks Reactor  
  51  4:41  SCV  
  51  4:43  Barracks Reactor  
  52  4:47  SCV  
  52  4:51  Marine  
  52  4:52  Combat Shield  
  54  4:53  SCV  
  54  4:57  Orbital Command  
  54  4:59  Supply Depot, SCV  
  56  5:05  Factory, SCV  
  57  5:11  SCV  
  58  5:17  Marine x2  
  58  5:18  SCV  
  58  5:19  Terran Infantry Weapons Level 1  
  58  5:21  Marine x3, Supply Depot  
  62  5:23  SCV  
  62  5:27  SCV  
  66  5:30  SCV  
  66  5:34  Marine x2  
  69  5:36  Barracks  
  69  5:38  Barracks  
  69  5:40  SCV  
  70  5:43  SCV x2  
  70  5:44  Supply Depot  
  70  5:45  Marine  
  73  5:52  SCV  
  73  5:53  Starport  
  73  5:54  Factory Reactor  
  74  5:57  Marine x3  
  74  5:58  Marine  
  78  6:05  Marine  
  78  6:06  Supply Depot  
  78  6:07  SCV x2  
  78  6:09  Armory  
  81  6:12  SCV  
  81  6:15  Marine, Stimpack  
  83  6:19  SCV, Marine x3  
  87  6:26  Missile Turret, SCV x2  
  87  6:27  Marine  
  87  6:29  Supply Depot  
  87  6:30  Barracks Reactor x2  
  90  6:34  Terran Infantry Armor Level 1, Marine  
  90  6:37  SCV  
  90  6:38  SCV x2  
  94  6:43  Medivac x2  
  98  6:47  Missile Turret  
  98  6:49  Marine x2, SCV  
  98  6:50  SCV x2  
  98  6:53  Supply Depot  
  103  6:56  Marine x3  
  106  7:06  Marine  
  106  7:07  Command Center  
  106  7:08  Marine x4  
  107  7:09  Marine  
  107  7:13  Marine x2  
  107  7:14  Marine, Medivac x2  
  119  7:16  Supply Depot  
  119  7:17  Terran Infantry Weapons Level 2  
  119  7:22  SCV x3  
  122  7:28  Marine x5  
  127  7:38  SCV, Supply Depot  
  128  7:45  Supply Depot  
  128  7:46  Marine x6  
  128  7:48  Supply Depot  
  128  7:50  Supply Depot x2  
  134  7:56  Barracks x2  
  134  7:57  Factory Reactor  
  134  7:58  Barracks  
  134  7:59  Starport  
  134  8:00  Marine x3  
  137  8:08  Marine x2  
  137  8:09  Marine  
  138  8:18  Supply Depot  
  138  8:19  Orbital Command  
  137  8:27  Marine x4  
  137  8:28  Marine x5  
  136  8:51  Marine  
  136  8:52  Marine x6  
  136  8:55  Medivac x2  
  147  8:56  Terran Infantry Armor Level 2  
  147  9:00  Barracks Tech Lab x2  
  147  9:01  Marine x2  
  147  9:02  Medivac x2  
  153  9:07  Marine  
  154  9:11  Supply Depot  
  154  9:12  Terran Ship Weapons Level 1  
  154  9:20  Marine  
  154  9:21  Marine x2, Marauder x2, Concussive Shells  
  161  9:26  Marauder  
  163  9:33  Marine x2  
  138  9:39  Marine x2, Command Center  
  138  9:42  Marauder  
  138  9:45  Marine  
  127  9:47  Marine x3  
  127  9:48  Marine x2, Marauder  
  127  9:52  Marine x2  
  118  9:56  Viking x3  
  118  9:57  Marine  
  118  9:59  Marine  
  123  10:03  Marine  
  123  10:04  Marauder  
  123  10:06  Marauder, Medivac  
  130  10:10  Marauder  
  130  10:12  Barracks  
  132  10:15  Barracks x3  
  132  10:16  Marine x3  
  132  10:17  Marine x3  
  138  10:25  Marauder  
  138  10:26  Medivac, Marine  
  138  10:27  Marine x2  
  138  10:28  Marauder  
  147  10:29  Viking x2  
  147  10:31  Marauder  
  147  10:34  Marine x4  
  147  10:35  Marine  
  158  10:36  Marine  
  159  10:44  Marine x2  
  159  10:45  Marine  
  159  10:47  Marauder  
  163  10:52  Missile Turret  
  163  10:53  Marine x5  
  163  10:54  Marine  
  166  11:07  Marine x4  
  162  11:12  Marine x2  
  162  11:13  Marauder x2  
  162  11:17  Marine x3  
  162  11:18  Marine, Marauder  
  152  11:26  Planetary Fortress  
  152  11:32  Marine x4  
  155  11:33  Marine x5  
  155  11:34  Marauder x2  
  155  11:35  Marine x4  
  155  11:39  Marauder  
  170  11:50  Marine x3  
  173  11:56  Marauder x2  
  173  12:00  Marine x2  
  173  12:01  Marine, Marauder  
  180  12:03  Command Center  
  159  12:17  Marauder x2, Marine  
  159  12:18  Marine  
  159  12:22  Marauder  
  134  12:34  Marine x6  
  134  12:35  Marine x2  
  118  12:38  Marauder x2  
  118  12:40  Marine x2  
  118  12:41  Medivac x4  
  118  12:43  Marauder  
  134  12:50  Marine  
  135  12:52  Terran Ship Weapons Level 2  
  135  13:00  Marauder x2  
  135  13:02  Marine x4  
  135  13:03  Marine x3  
  135  13:05  Marauder  
  148  13:06  Marine x5  
  148  13:08  Marine  
  148  13:11  Medivac x2  
  158  13:15  Missile Turret  
  121  13:20  Missile Turret  
  121  13:21  Marine x3, Marauder x2  
  121  13:22  Marine x2  
  121  13:24  Missile Turret  
  121  13:25  Missile Turret  
  121  13:26  Marauder  
  124  13:32  Marine  
  118  13:38  Marine x3  
  116  13:42  Marine, Marauder  
  116  13:43  Marauder, Marine  
  116  13:47  Marauder, Marine  
  116  13:48  Marine x2  
  97  13:49  Marine x3  
  98  13:56  Marine  
  98  13:57  Marine x3  
  98  14:02  Marine x3  
  98  14:04  Marauder x2  
  98  14:05  Medivac x4, Marine x2  
  98  14:06  Marine x2  
  98  14:07  Marine x2  
  98  14:09  Marauder  
  119  14:14  Marine x2  
  119  14:15  Marine x2  
  116  14:20  Marine  
  116  14:21  Marine  
  105  14:24  Marine x2  
  105  14:25  Marine x2, Marauder x2  
  105  14:28  Reaper x2, Marine  
  105  14:30  Marauder  
  114  14:32  Marine x2  
  114  14:35  Medivac  
  113  14:39  Marine  
  113  14:40  Marine x2  
  113  14:42  Marine x3  
  115  14:47  Marauder x2  
  118  14:52  Marine  
  118  14:53  Marine  
Show
View Real Time Build Order
Export as new Build Order

Deny Protoss 

Build Orders: Phoenix Opening 

Get SALT Encoding   

  8  0:10  Probe  
  9  0:22  Probe (Chrono Boost)  
  10  0:34  Pylon, Probe (Chrono Boost)  
  11  0:39  Probe (Chrono Boost)  
  12  0:48  Probe  
  13  0:56  Gateway  
  13  1:01  Probe  
  14  1:14  Probe (Chrono Boost)  
  15  1:20  Assimilator  
  16  1:25  Probe (Chrono Boost)  
  16  1:30  Probe (Chrono Boost)  
  17  1:42  Probe  
  17  1:45  Cybernetics Core  
  19  1:54  Probe  
  19  2:06  Probe  
  20  2:19  Nexus  
  20  2:23  Probe  
  21  2:32  Pylon  
  21  2:40  Assimilator  
  21  2:50  Probe  
  22  2:56  Adept (Chrono Boost)  
  22  3:02  Probe  
  25  3:07  Stargate  
  24  3:14  Probe  
  24  3:26  Probe  
  24  3:39  Probe x2 (Chrono Boost)  
  26  3:51  Probe x2 (Chrono Boost)  
  26  3:54  Phoenix  
  30  3:58  Probe (Chrono Boost)  
  30  3:59  Probe (Chrono Boost)  
  32  4:05  Probe  
  32  4:06  Probe  
  32  4:09  Stargate  
  34  4:17  Probe  
  34  4:18  Probe  
  34  4:21  Oracle (Chrono Boost)  
  39  4:29  Probe  
  39  4:30  Probe  
  41  4:36  Pylon  
  39  4:40  Assimilator  
  39  4:48  Oracle (Chrono Boost)  
  42  4:52  Assimilator  
  42  4:54  Probe x2  
  42  4:55  Pylon  
  44  5:06  Probe x2  
  46  5:18  Phoenix x2  
  46  5:19  Probe (Chrono Boost)  
  52  5:23  Probe (Chrono Boost)  
  52  5:27  Pylon  
  52  5:32  Probe (Chrono Boost)  
  53  5:37  Nexus  
  53  5:38  Probe  
  54  5:42  Probe  
  54  5:46  Phoenix  
  57  5:51  Probe  
  55  6:05  Probe x2  
  55  6:06  Phoenix  
  59  6:11  Phoenix  
  59  6:17  Probe x2  
  63  6:29  Probe x2  
  65  6:33  Fleet Beacon  
  65  6:36  Pylon  
  65  6:40  Protoss Air Weapons Level 1 (Chrono Boost)  
  65  6:48  Probe, Phoenix x2  
  65  6:49  Probe  
  65  6:51  Probe  
  65  6:53  Assimilator  
  72  6:57  Assimilator  
  72  7:12  Anion Pulse-Crystals  
  72  7:13  Phoenix x2  
  72  7:15  Probe x2  
  78  7:17  Shield Battery  
  78  7:38  Phoenix x2  
  78  7:40  Stargate  
  82  7:52  Pylon  
  82  7:53  Pylon  
  82  7:54  Pylon  
  82  8:02  Phoenix x2 (Chrono Boost)  
  82  8:05  Probe x3  
  83  8:17  Probe x3  
  83  8:18  Phoenix x2  
  86  8:27  Phoenix  
  92  8:29  Probe x2  
  91  8:43  Phoenix x2 (Chrono Boost)  
  95  8:52  Phoenix (Chrono Boost)  
  97  8:56  Protoss Air Weapons Level 2 (Chrono Boost)  
  97  8:57  Forge, Pylon  
  97  8:58  Probe x3  
  97  8:59  Pylon x2  
  100  9:05  Phoenix x2 (Chrono Boost)  
  104  9:11  Phoenix (Chrono Boost)  
  106  9:23  Pylon, Phoenix x2  
  110  9:31  Phoenix  
  104  9:48  Phoenix (Chrono Boost)  
  104  9:49  Phoenix (Chrono Boost)  
  102  9:56  Phoenix (Chrono Boost)  
  92  10:04  Probe  
  92  10:05  Probe x2  
  95  10:09  Phoenix x2 (Chrono Boost)  
  95  10:13  Phoenix (Chrono Boost)  
  99  10:15  Protoss Shields Level 1  
  99  10:17  Probe x2  
  103  10:21  Probe  
  103  10:25  Pylon  
  103  10:27  Nexus  
  103  10:28  Phoenix x2  
  108  10:29  Probe x2  
  110  10:36  Phoenix  
  100  10:53  Phoenix x2 (Chrono Boost)  
  100  11:02  Phoenix (Chrono Boost)  
  90  11:15  Phoenix x2 (Chrono Boost)  
  94  11:20  Phoenix (Chrono Boost)  
  96  11:31  Nexus  
  96  11:32  Pylon  
  96  11:34  Protoss Air Weapons Level 3  
  96  11:39  Carrier (Chrono Boost), Phoenix x2 (Chrono Boost)  
  106  11:50  Probe  
  106  11:51  Probe x2  
  107  12:03  Probe  
  107  12:04  Carrier (Chrono Boost)  
  108  12:17  Carrier (Chrono Boost)  
  114  12:27  Assimilator  
  102  12:31  Assimilator  
  102  12:46  Assimilator, Twilight Council  
  102  12:50  Carrier (Chrono Boost), Assimilator  
  102  12:53  Photon Cannon  
  102  12:55  Probe x4, Photon Cannon  
  102  12:57  Photon Cannon  
  105  12:59  Photon Cannon  
  105  13:03  Photon Cannon  
  105  13:04  Photon Cannon  
  109  13:08  Tempest (Chrono Boost), Stargate  
  109  13:10  Tempest (Chrono Boost)  
  109  13:36  Tempest (Chrono Boost)  
  109  13:37  Tempest (Chrono Boost)  
  109  13:38  Tempest (Chrono Boost)  
  115  13:53  Tempest  
  113  14:16  Tempest  
  101  14:18  Tempest  
  101  14:20  Tempest  
Tags
 
Add a new tag
Caveats
  • Supply blocks, unpowered buildings, or Contaminate may cause inaccurate times.
  • Supply counts are checked every 10 seconds.